 Dungeon Crawl Stone Soup version 0.27.1-3-gb3d3a73c9e (webtiles) character file.

Game seed: 8519623604969160290

56 Crownlay the Skirmisher (level 3, -2/34 HPs)
             Began as a Hill Orc Fighter on Oct 8, 2021.
             Succumbed to an adder's poison
             ... on level 2 of the Dungeon.
             The game lasted 00:02:10 (1381 turns).

Crownlay the Skirmisher (Hill Orc Fighter)          Turns: 1381, Time: 00:02:10

Health: -2/34      AC: 10    Str: 19    XL:     3   Next: 97%
Magic:  4/4        EV:  9    Int:  8    God:
Gold:   92         SH:  0    Dex: 10    Spells: 2/2 levels left

rFire    . . .     SeeInvis .   a - +0 war axe
rCold    . . .     Faith    .   (no shield)
rNeg     . . .     Spirit   .   b - +0 scale mail
rPois    .         Reflect  .   g - +1 helmet
rElec    .         Harm     .   (no cloak)
rCorr    .         Rampage  .   f - +0 pair of gloves
Will     .....                  (no boots)
Stlth    ..........             (no amulet)
HPRegen  0.11/turn              (no ring)
MPRegen  0.09/turn              (no ring)

@: lethally poisoned (-2 -> -11)
A: no striking features
a: no special abilities


You were on level 2 of the Dungeon.
You visited 1 branch of the dungeon, and saw 2 of its levels.

You collected 92 gold pieces.

Inventory:

Hand Weapons
 a - a +0 war axe (weapon)
Armour
 b - a +0 scale mail (worn)
 c - a +0 kite shield
 f - a +0 pair of gloves (worn)
 g - a +1 helmet (worn)
Scrolls
 e - a scroll of amnesia {unknown}
 h - 2 scrolls of identify {unknown}
 j - a scroll of noise {unknown}
 m - a scroll of magic mapping {unknown}
 n - a scroll of enchant armour {unknown}
Potions
 d - a potion of might
 i - a potion of magic {unknown}
 k - a potion of berserk rage {unknown}
 l - 2 potions of curing {unknown}


   Skills:
 + Level 4.4 Fighting
 - Level 2.7 Axes
 - Level 3.3 Armour
 + Level 4.0 Shields
 + Level 2.3 Invocations


You had 2 spell levels left.
You didn't know any spells.
Your spell library was empty.

Dungeon Overview and Level Annotations

Branches:
Dungeon (2/15)

Altars:


Message History

You barely miss the adder.
You feel sick.
You are no longer poisoned.
The adder barely misses you. The adder bites you.
You closely miss the adder. The adder barely misses you.
You miss the adder. The adder barely misses you.
The adder bites you but does no damage.
You barely miss the adder. The adder bites you.
The adder bites you but does no damage.
You barely miss the adder. The adder bites you but does no damage.
The adder bites you.
You are poisoned.
The adder poisons you!
Your scale mail prevents you from hitting the adder.
You feel sick. The adder bites you.
You are more poisoned.
The adder poisons you! The adder barely misses you.
You closely miss the adder.
You feel sick. The adder barely misses you.
You are too injured to fight recklessly!
You are too injured to fight recklessly!
You are too injured to fight recklessly!
You are too injured to fight recklessly!
You are too injured to fight recklessly!
You miss the adder.
You feel sick.
The adder bites you but does no damage. x2
You closely miss the adder.
You feel sick.
The adder bites you but does no damage. x2
You miss the adder.
You feel sick. The adder bites you.
* * * LOW HITPOINT WARNING * * *
You are more poisoned.
The adder poisons you! The adder bites you.
* * * LOW HITPOINT WARNING * * *
You are more poisoned.
The adder poisons you!
You closely miss the adder.
* * * LOW HITPOINT WARNING * * *
You feel very sick. The adder bites you.
* * * LOW HITPOINT WARNING * * *
You hit the adder.
The adder is heavily wounded.
You die...

##...#
##.##
########...
#..........
#.########.
#.# #.
########.#
###.
#........#
....
#@########
#### #S#
#.# .?. ...
###.# .#
#.#### .#
#...<.
#.###<


You could see an adder.

Vanquished Creatures
  2 adders (D:2)
  A worm (D:2)
  4 bats
  2 endoplasms (D:1)
  2 giant cockroaches (D:1)
  4 hobgoblins
  3 jackals (D:1)
  5 ball pythons
  A frilled lizard (D:1)
  5 goblins
  3 kobolds
  A rat (D:2)
33 creatures vanquished.

Notes
Turn   | Place    | Note
-------+----------+-------------------------------------------
     0 | D:1      | Crownlay the Hill Orc Fighter began the quest for the Orb.
     0 | D:1      | Reached XP level 1. HP: 19/19 MP: 1/1
   370 | D:1      | Reached XP level 2. HP: 26/27 MP: 2/2
   372 | D:1      | Reached skill level 1 in Invocations
   500 | D:1      | Found a faded altar of an unknown god.
   645 | D:1      | Reached XP level 3. HP: 32/33 MP: 4/4
  1380 | D:2      | HP: 1/34 [adder (1)]
  1381 | D:2      | Succumbed to an adder's poison

Illustrated notes

Levels and vault maps discovered:
D:1:      psy_arrival_basics, layout_loops_ring,
          shapermc_ecumenical_altar_mp_vishouse, amethyst_killhole
D:2:      layout_loops_ring

Skill      XL: |  1  2  3 |
---------------+----------+-----
Invocations    | 1 2 |  2.3
Fighting       | 4 |  4.4
Shields        | 4 |  4.0
Axes           | |  2.7
Armour         | |  3.3

Action                   || total
-------------------------++-------
Melee: War axe           ||   126
Armor: Scale mail        ||   101
Dodge: Dodged            ||    79
